[ AOE2 MATCH · #485075408 ]
UnrankedPersians vs Mongols
[ REPLAY ANALYSIS · EXTRACTED FROM THE RECORDED GAME ]
Feudal
—
Castle
—
Imperial
—
| APM avg | 66.7 |
| APM peak | 69 |
| eAPM avg | 28.6 |
| Villagers / military | 6 / 0 |
Focus
⚔️ 18.8% · 🌾 81.2%
Feudal
—
Castle
—
Imperial
—
| APM avg | 212.4 |
| APM peak | 222 |
| eAPM avg | 185.7 |
| Villagers / military | 77 / 0 |
Focus
⚔️ 46.5% · 🌾 53.5%
Unknown (37) ×74
Feudal
—
Castle
—
Imperial
—
| APM avg | 66.7 |
| APM peak | 70 |
| eAPM avg | 48.6 |
| Villagers / military | 10 / 0 |
Focus
⚔️ 30.6% · 🌾 69.4%
Feudal
—
Castle
—
Imperial
—
| APM avg | 45.7 |
| APM peak | 48 |
| eAPM avg | 15.2 |
| Villagers / military | 5 / 0 |
Focus
⚔️ 0.0% · 🌾 100.0%
Match map
Initial resources + every placement click. Lines = walls · curves = elevation contours. ◆ gold · ⬟ stone · ● berries · ✦ relic · ◌ wall gap
Your base
谢政's base
TAG_Sitaux's base
Viúva Negra's base
Smoothed initial terrain · ◌ = detected wall gap · hover for details
Inputs per minute
— Smiley - - 谢政
Build order — Smiley
9 actions detected in the replay
| 0:02 | Create | Villager (Male) |
| 0:02 | Create | Villager (Male) |
| 0:04 | Build | House |
| 0:06 | Build | House |
| 0:07 | Create | Villager (Male) |
| 0:07 | Create | Villager (Male) |
| 0:07 | Create | Villager (Male) |
| 0:07 | Create | Villager (Male) |
| 0:42 | Build | Lumber Camp |
Build order — 谢政
First 150 of 154 actions detected
| 0:01 | Create | Unit 37 |
| 0:02 | Create | Villager (Male) |
| 0:02 | Create | Villager (Male) |
| 0:02 | Create | Unit 37 |
| 0:03 | Create | Villager (Male) |
| 0:03 | Create | Villager (Male) |
| 0:03 | Create | Unit 37 |
| 0:03 | Create | Villager (Male) |
| 0:04 | Build | House |
| 0:06 | Build | House |
| 0:08 | Build | House |
| 0:44 | Create | Unit 37 |
| 0:44 | Create | Villager (Male) |
| 0:44 | Create | Unit 37 |
| 0:44 | Create | Unit 37 |
| 0:44 | Create | Unit 37 |
| 0:44 | Create | Villager (Male) |
| 0:44 | Create | Unit 37 |
| 0:44 | Create | Unit 37 |
| 0:44 | Create | Unit 37 |
| 0:44 | Create | Unit 37 |
| 0:44 | Create | Unit 37 |
| 0:44 | Create | Villager (Male) |
| 0:44 | Create | Unit 37 |
| 0:44 | Create | Unit 37 |
| 0:44 | Create | Villager (Male) |
| 0:44 | Create | Villager (Male) |
| 0:50 | Create | Unit 37 |
| 0:50 | Create | Villager (Male) |
| 0:50 | Create | Villager (Male) |
| 0:50 | Create | Unit 37 |
| 0:50 | Create | Villager (Male) |
| 0:51 | Create | Villager (Male) |
| 0:51 | Create | Unit 37 |
| 0:51 | Create | Villager (Male) |
| 0:51 | Create | Unit 37 |
| 0:51 | Create | Unit 37 |
| 0:51 | Create | Villager (Male) |
| 0:51 | Create | Villager (Male) |
| 0:51 | Create | Villager (Male) |
| 0:51 | Create | Unit 37 |
| 0:51 | Create | Unit 37 |
| 0:51 | Create | Villager (Male) |
| 0:51 | Create | Villager (Male) |
| 0:51 | Create | Villager (Male) |
| 0:51 | Create | Villager (Male) |
| 0:51 | Create | Unit 37 |
| 0:51 | Create | Villager (Male) |
| 0:51 | Create | Villager (Male) |
| 0:51 | Create | Villager (Male) |
| 0:51 | Create | Unit 37 |
| 0:51 | Create | Unit 37 |
| 0:52 | Create | Villager (Male) |
| 0:52 | Create | Villager (Male) |
| 0:52 | Create | Villager (Male) |
| 0:52 | Create | Unit 37 |
| 0:52 | Create | Unit 37 |
| 0:52 | Create | Unit 37 |
| 0:52 | Create | Villager (Male) |
| 0:52 | Create | Villager (Male) |
| 0:52 | Create | Unit 37 |
| 0:52 | Create | Unit 37 |
| 0:52 | Create | Unit 37 |
| 0:52 | Create | Villager (Male) |
| 0:52 | Create | Villager (Male) |
| 0:52 | Create | Villager (Male) |
| 0:52 | Create | Unit 37 |
| 0:52 | Create | Unit 37 |
| 0:52 | Create | Unit 37 |
| 0:52 | Create | Unit 37 |
| 0:52 | Create | Villager (Male) |
| 0:52 | Create | Villager (Male) |
| 0:53 | Create | Villager (Male) |
| 0:53 | Create | Villager (Male) |
| 0:53 | Create | Unit 37 |
| 0:53 | Create | Unit 37 |
| 0:53 | Create | Villager (Male) |
| 0:53 | Create | Villager (Male) |
| 0:53 | Create | Unit 37 |
| 0:53 | Create | Unit 37 |
| 0:53 | Create | Unit 37 |
| 0:53 | Create | Villager (Male) |
| 0:53 | Create | Unit 37 |
| 0:53 | Create | Villager (Male) |
| 0:53 | Create | Unit 37 |
| 0:54 | Create | Unit 37 |
| 0:54 | Create | Villager (Male) |
| 0:54 | Create | Unit 37 |
| 0:54 | Create | Villager (Male) |
| 0:54 | Create | Unit 37 |
| 0:54 | Create | Unit 37 |
| 0:54 | Create | Unit 37 |
| 0:54 | Create | Unit 37 |
| 0:54 | Create | Unit 37 |
| 0:54 | Create | Unit 37 |
| 0:54 | Create | Villager (Male) |
| 0:54 | Create | Villager (Male) |
| 0:54 | Create | Villager (Male) |
| 0:55 | Create | Villager (Male) |
| 0:55 | Create | Villager (Male) |
| 0:55 | Create | Villager (Male) |
| 0:55 | Create | Villager (Male) |
| 0:55 | Create | Villager (Male) |
| 0:55 | Create | Unit 37 |
| 0:55 | Create | Unit 37 |
| 0:55 | Create | Villager (Male) |
| 0:55 | Create | Villager (Male) |
| 0:55 | Create | Villager (Male) |
| 0:55 | Create | Villager (Male) |
| 0:55 | Create | Villager (Male) |
| 0:55 | Create | Villager (Male) |
| 0:56 | Create | Unit 37 |
| 0:56 | Create | Unit 37 |
| 0:56 | Create | Villager (Male) |
| 0:56 | Create | Unit 37 |
| 0:56 | Create | Villager (Male) |
| 0:56 | Create | Villager (Male) |
| 0:56 | Create | Villager (Male) |
| 0:56 | Create | Unit 37 |
| 0:56 | Create | Unit 37 |
| 0:56 | Create | Unit 37 |
| 0:56 | Create | Villager (Male) |
| 0:56 | Create | Villager (Male) |
| 0:56 | Create | Villager (Male) |
| 0:57 | Create | Villager (Male) |
| 0:57 | Create | Villager (Male) |
| 0:57 | Create | Villager (Male) |
| 0:57 | Create | Unit 37 |
| 0:57 | Create | Unit 37 |
| 0:57 | Create | Unit 37 |
| 0:57 | Create | Unit 37 |
| 0:57 | Create | Unit 37 |
| 0:57 | Create | Unit 37 |
| 0:57 | Create | Unit 37 |
| 0:57 | Create | Villager (Male) |
| 0:57 | Create | Villager (Male) |
| 0:57 | Create | Unit 37 |
| 0:58 | Create | Villager (Male) |
| 0:58 | Create | Villager (Male) |
| 0:58 | Create | Unit 37 |
| 0:58 | Create | Unit 37 |
| 0:58 | Create | Villager (Male) |
| 0:58 | Create | Villager (Male) |
| 0:58 | Create | Villager (Male) |
| 0:58 | Create | Unit 37 |
| 0:58 | Create | Unit 37 |
| 0:58 | Create | Unit 37 |
| 0:58 | Create | Unit 37 |
| 0:58 | Create | Villager (Male) |
| 0:58 | Create | Villager (Male) |
Build order — TAG_Sitaux
14 actions detected in the replay
| 0:01 | Create | Villager (Male) |
| 0:01 | Create | Villager (Male) |
| 0:01 | Create | Villager (Male) |
| 0:02 | Build | House |
| 0:03 | Build | House |
| 0:04 | Create | Villager (Male) |
| 0:10 | Create | Villager (Male) |
| 0:20 | Create | Villager (Male) |
| 0:32 | Research | Loom |
| 0:32 | Research | Loom |
| 0:49 | Create | Villager (Male) |
| 0:50 | Create | Villager (Male) |
| 0:57 | Create | Villager (Male) |
| 0:58 | Create | Villager (Male) |
Build order — Viúva Negra
5 actions detected in the replay
| 0:02 | Create | Villager (Male) |
| 0:02 | Create | Villager (Male) |
| 0:03 | Create | Villager (Male) |
| 0:05 | Create | Villager (Male) |
| 0:05 | Create | Villager (Male) |
Match timeline
| 0:52 | Viúva Negra · resign |
[ AI ANALYSIS · 1 CREDIT ]
What really happened in this match?
Wolo.gg analyzes every decision: build order, eco, micro, common mistakes by bracket. Personalized analysis on WhatsApp or Discord in 30 seconds.
Civ guide
Persians
Perfil
Jugador #6365113